 Dungeon Crawl Stone Soup version 0.27.1-1-g398f81649c (webtiles) character file.

Game seed: 611623045170426794

67 ABBCCCDDDD the Sneak (level 4, 0/51 HPs)
             Began as an Octopode Brigand on Sept 12, 2021.
             Was an Initiate of Gozag.
             Slain by a hobgoblin (5 damage)
             ... on level 2 of the Dungeon.
             The game lasted 00:02:01 (1894 turns).

ABBCCCDDDD the Sneak (Octopode Brigand)             Turns: 1894, Time: 00:02:02

Health: 0/51       AC: 22    Str: 16    XL:     4   Next: 18%
Magic:  4/4        EV:  2    Int: 14    God:    Gozag
Gold:   54         SH:  0    Dex: 13    Spells: 3/3 levels left

rFire    . . .     SeeInvis .   a - +2 dagger
rCold    . . .     Faith    .   (no shield)
rNeg     + + +     Spirit   .   (helmet currently unavailable)
rPois    +         Reflect  .   (no amulet)
rElec    .         Harm     .   h - +6 ring of strength
rCorr    .         Rampage  .   (no ring)
Will     .....     NoTele   +   (no ring)
Stlth    +++.......             (no ring)
HPRegen  0.17/turn              (no ring)
MPRegen  0.09/turn              (no ring)
                                (no ring)
                                (no ring)

@: tree-form, gold aura
A: stationary, stasis, torment immunity, boosted hp, almost no armour,
(amphibious), 8 rings, (camouflage 1), (gelatinous body 1), (nimble swimmer 1),
(tentacles)
a: Renounce Religion, Potion Petition, Call Merchant, Bribe Branch


You were on level 2 of the Dungeon.
You worshipped Gozag.
Gozag was noncommittal.
You were a tree.
You visited 1 branch of the dungeon, and saw 2 of its levels.

You collected 73 gold pieces.
You paid 19 gold pieces to Gozag.

Inventory:

Hand Weapons
 a - a +2 dagger (weapon)
Missiles
 b - 8 poisoned darts (quivered)
 c - 2 curare-tipped darts
Jewellery
 h - a +6 ring of strength (left branch)
Scrolls
 g - 4 scrolls of identify
Potions
 j - a potion of degeneration


   Skills:
 + Level 4.3 Fighting
 - Level 2.0 Short Blades
 - Level 2.0 Throwing
 - Level 1.0 Dodging
 - Level 5.3 Stealth


You had 3 spell levels left.
You didn't know any spells.
Your spell library was empty.

Dungeon Overview and Level Annotations

Branches:
Dungeon (2/15)

Altars:
Gozag

Annotations:
D:2 Robin


Innate Abilities, Weirdness & Mutations

You are a tree.
Your roots penetrate the ground, keeping you stationary.
You cannot be teleported.
You are immune to unholy pain and torment.
Your maximum health is greatly increased.
You cannot wear most types of armour.
((You are amphibious.))
You can wear up to eight rings at the same time.
((Your skin changes colour to match your surroundings (Stealth+).))
((Your rubbery body absorbs attacks. (AC +1, EV +1)))
((You are camouflaged near water. (Stealth+)))
((You have tentacles for arms and can constrict up to eight enemies at once.))


Message History

Robin hits you but does no damage.
A hobgoblin comes into view.
The hobgoblin hits you but does no damage.
The goblin hits you but does no damage. The goblin barely misses you.
The hobgoblin is pulled toward you!
The hobgoblin shouts!
You hit the goblin.
You kill the goblin!
The hobgoblin barely misses you.
Robin roars a battlecry!
The hobgoblins go into a battle-frenzy!
The goblin hits you with a +0 club.
* * * LOW HITPOINT WARNING * * *
The hobgoblin hits you but does no damage.
The hobgoblin is pulled toward you!
Okay, then.
As you read the scroll labelled CEACAU MANGIHUHIF, it crumbles to dust.
It is a scroll of identify.
j - a potion of degeneration The hobgoblin is distracted by your dazzling golden aura.
Robin hits you but does no damage.
The hobgoblin hits you but does no damage.
The hobgoblin hits you.
* * * LOW HITPOINT WARNING * * *
The goblin hits you but does no damage.
You feel less attractive to monsters.
Okay, then.
You barely miss the hobgoblin.
The hobgoblin is no longer distracted by gold.
The hobgoblin hits you but does no damage.
You hit the hobgoblin.
The hobgoblin is moderately wounded.
The hobgoblin hits you but does no damage. x2
The goblin hits you with a +0 club.
* * * LOW HITPOINT WARNING * * *
The hobgoblin barely misses you. Robin hits you but does no damage.
You hit the hobgoblin but do no damage.
The hobgoblin is moderately wounded.
The hobgoblin hits you.
You die...
Your body crumbles into a pile of gold.

......<....# #....# .#
##......#....#....####.#
#.##..###...#.........#
#.##.## ##............#
#.....# .............#
##..#.## .#..........#
#..#### ###.........#
#.## ##g$g$....# #..####
####.g♣#....## ##..#.##
##.#..gg#gg..# ###....#
'.......#gg..# .###..##
##......#....# .#
#...###.......#....# .#
#.#..#........###.## .#
#.............# .# .#
###...........# .#
########+##.#


You could see Robin, 3 hobgoblins and a goblin (strong).

Levels and vault maps discovered:
D:1:      lightli_arrival_quake, layout_basic, shapermc_ecumenical_altar_petra,
          ebering_dispersal_statue_hall
D:2:      layout_basic, basic_altar, grunt_ministairs_9,
          minmay_fractal_squares_gapless_5, uniq_crazy_yiuf_cottage, uniq_robin

Notes
Turn   | Place    | Note
-------+----------+-------------------------------------------
     0 | D:1      | ABBCCCDDDD the Octopode Brigand began the quest for the
                  | Orb.
     0 | D:1      | Reached XP level 1. HP: 14/14 MP: 1/1
   208 | D:1      | Reached XP level 2. HP: 20/20 MP: 2/2
   395 | D:1      | Reached XP level 3. HP: 20/26 MP: 3/3
   663 | D:1      | Found a faded altar of an unknown god.
  1231 | D:2      | Found an opulent altar of Gozag.
  1264 | D:2      | Became a worshipper of Gozag Ym Sagoz the Greedy
  1852 | D:2      | Noticed Robin
  1855 | D:2      | Reached XP level 4. HP: 28/33 MP: 4/4
  1894 | D:2      | Slain by a hobgoblin

Table legend: (Time is in decaauts)
 A = Elapsed time spent in this place.
 B = Non-inter-level travel time spent in this place.
 C = Inter-level travel time spent in this place.
 D = Time resting spent in this place.
 E = Time spent auto-exploring this place.
 F = Levels seen in this place.
 G = Mean time per level.
                   A        B        C        D        E       F      G
               +--------+--------+--------+--------+--------+-----+--------+
         Total |   1883 |   1781 |    102 |    578 |    909 |   2 |  941.5 |
       Dungeon |   1883 |   1781 |    102 |    578 |    909 |   2 |  941.5 |
               +--------+--------+--------+--------+--------+-----+--------+

Top non-repeatable levels by time:
     D:1: 1165 daAuts
     D:2: 717 daAuts

Table legend:
 A = Kills in this place as a percentage of kills in entire the game.
 B = Kills by you in this place as a percentage of kills by you in the entire game.
 C = Kills by friends in this place as a percentage of kills by friends in the entire game.
 D = Other kills in this place as a percentage of other kills in the entire game.
 E = Experience gained in this place as a percentage of experience gained in the entire game.
 F = Experience gained in this place divided by the number of levels of this place that you have seen.
                   A       B       C       D       E      F
               +-------+-------+-------+-------+-------+----------------------
         Total | 100.0 | 100.0 |   N/A |   N/A | 100.0 |  48.5
       Dungeon | 100.0 | 100.0 |   N/A |   N/A | 100.0 |  48.5
               +-------+-------+-------+-------+-------+----------------------

Action                   |  1- 3 |  4- 6 || total
-------------------------+-------+-------++-------
Melee: Dagger            |    67 |    34 ||   101
       Tentacles         |    15 |       ||    15
       Constrict         |    15 |       ||    15
  Use: Potion            |       |     3 ||     3
       Scroll            |       |     2 ||     2
 Stab: Sleeping          |    12 |       ||    12
Armor: Skin              |    10 |    77 ||    87
Dodge: Dodged            |    34 |    13 ||    47

Vanquished Creatures
  An adder (D:2)
  2 worms (D:2)
  A dart slug (D:1)
  A ball python (D:1)
  8 bats (D:1)
  5 endoplasms (D:1)
  3 giant cockroaches (D:1)
  4 hobgoblins
  3 quokkas (D:1)
  3 frilled lizards (D:1)
  8 goblins
  2 kobolds
  5 rats
46 creatures vanquished.
